 Dungeon Crawl Stone Soup version 0.27-a0-1256-gced786f65e (webtiles) character file.

Game seed: 17849970646850770664

252 freelancePsychic the Chiller (level 5, -1/54 HPs)
             Began as a Demonspawn Wanderer on June 10, 2021.
             Was an Initiate of Okawaru.
             Slain by Pikel
             ... wielding a +2 whip of electrocution
              (14 damage)
             ... on level 5 of the Dungeon.
             The game lasted 00:12:36 (5405 turns).

freelancePsychic the Chiller (Demonspawn Wanderer)  Turns: 5405, Time: 00:12:37

Health: -1/54      AC: 22    Str: 13    XL:     5   Next: 89%
Magic:  4/9        EV:  2    Int: 14    God:    Okawaru [......]
Gold:   217        SH:  9    Dex: 12    Spells: 6/10 levels left

rFire    . . .     SeeInvis .     - Unarmed
rCold    . . .     Faith    .   g - +0 buckler
rNeg     + + +     Spirit   .   (armour currently unavailable)
rPois    +         Reflect  +   (helmet currently unavailable)
rElec    .         Harm     .   (cloak currently unavailable)
rCorr    .         Rampage  .   (gloves currently unavailable)
Will     .....     NoTele   +   (boots currently unavailable)
Stlth    +.........             h - amulet of reflection
HPRegen  0.18/turn              (no ring)
MPRegen  0.22/turn              (no ring)

@: tree-form, freezing walls, very slightly contaminated
A: stationary, stasis, torment immunity, boosted hp, (claws 1), magic
regeneration
a: Renounce Religion


You were on level 5 of the Dungeon.
You worshipped Okawaru.
Okawaru was noncommittal.
You were a tree.
You visited 2 branches of the dungeon, and saw 6 of its levels.

You collected 217 gold pieces.

Inventory:

Armour
 d - a +0 robe
 e - a +0 kite shield
 g - a +0 buckler (worn)
 i - a +0 leather armour (melded)
Jewellery
 h - an amulet of reflection (around neck)
 p - a ring of see invisible
Wands
 s - a wand of flame (16)
Scrolls
 f - 2 scrolls of amnesia
 j - a scroll of blinking
Potions
 b - a potion of heal wounds {unknown}
 l - a potion of degeneration {unknown}
 n - a potion of curing {unknown}
 r - a potion of haste {unknown}


   Skills:
 - Level 0.5 Fighting
 + Level 2.0 Shields
 - Level 2.3 Unarmed Combat
 - Level 3.2 Spellcasting
 - Level 2.0 Hexes
 - Level 4.2 Ice Magic
 - Level 1.0 Poison Magic
 + Level 1.2 Invocations
 - Level 1.0 Evocations


You had 6 spell levels left.
You knew the following spells:

 Your Spells              Type           Power      Damage    Failure   Level
a - Freeze                Ice            56%        1d7       4%          1
b - Frozen Ramparts       Ice            28%        1d4       14%         3

Your spell library contained the following spells:

 Spells                   Type           Power      Damage    Failure   Level
 Corpse Rot               Necr/Air       N/A        N/A       38%         2
 Static Discharge         Conj/Air       2%         N/A       38%         2


Dungeon Overview and Level Annotations

Branches:
Dungeon (5/15)             Temple (1/1) D:4

Altars:
Ashenzari
Cheibriados
Dithmenos
Elyvilon
Fedhas
Gozag
Hepliaklqana
Kikubaaqudgha
Makhleb
Nemelex Xobeh
Okawaru
Qazlal
Ru
Trog
Uskayaw
Vehumet
Wu Jian
Xom
Yredelemnul
Zin
The Shining One

Annotations:
D:5 Pikel


Innate Abilities, Weirdness & Mutations

You are a tree.
Your roots penetrate the ground, keeping you stationary.
You cannot be teleported.
You are immune to unholy pain and torment.
Your maximum health is greatly increased.
Your equipment is partially melded.
((You have sharp fingernails.))
You regenerate magic rapidly.


Message History

Casting: Frozen Ramparts (quite dangerous; 19% risk of failure)
Confirm with . or Enter, or press ? or * to list all spells.
The spell is quite dangerous to cast (19% risk of failure)!
Continue anyway?
Casting: Frozen Ramparts (quite dangerous; 19% risk of failure)
Press: ? - help, Dir - look around, f - activate
There is a cloud of purple smoke here.
You miscast Frozen Ramparts.
You are very lightly contaminated with residual magic.
Nothing appears to happen.
Pikel closely misses you.
Casting: Frozen Ramparts (quite dangerous; 19% risk of failure)
Confirm with . or Enter, or press ? or * to list all spells.
The spell is quite dangerous to cast (19% risk of failure)!
Continue anyway?
Casting: Frozen Ramparts (quite dangerous; 19% risk of failure)
Press: ? - help, Dir - look around, f - activate
There is a cloud of purple smoke here.
The walls around you are covered in ice.
The wall freezes Pikel.
You block Pikel's attack.
The wall freezes the lemure.
You scratch Pikel.
Pikel is lightly wounded.
The wall freezes Pikel.
You block Pikel's attack.
The wall freezes the lemure.
You scratch Pikel.
Pikel is moderately wounded.
The wall freezes the lemure.
The wall freezes Pikel.
Pikel hits you with a +2 whip of electrocution.
You are electrocuted!
It was a potion of lignification.
You turn into a tree.
Your +0 leather armour melds into your body.
Your roots penetrate the ground.
The wall freezes the lemure.
You kill the lemure!
That felt strangely unrewarding.
The wall freezes Pikel.
Pikel hits you with a +2 whip of electrocution.
It was a potion of flight.
Your roots keep you in place.
The wall freezes Pikel.
Pikel hits you with a +2 whip of electrocution.
* * * LOW HITPOINT WARNING * * *
You smack Pikel!
Pikel is severely wounded.
The wall freezes the lemure.
The wall freezes Pikel.
Pikel hits you but does no damage.
You are electrocuted!
You die...

#... #...
##... ##K.##
##..## ##..##
##..##
##########..##
#♣K5§§..K..##
#####§....##
####.## ###


You could see Pikel and a lemure.

Vanquished Creatures
  A lemure (D:5)
  An orc priest (D:4)
  2 orc wizards (D:3)
  Robin (D:2)
  3 gnolls (D:1)
  4 adders
  2 adder skeletons (D:4)
  A worm (D:3)
  A dart slug (D:1)
  6 orcs
  3 bats
  6 endoplasms
  6 giant cockroaches
  12 goblins
  9 hobgoblins
  4 jackals
  3 quokkas (D:2)
  4 ball pythons
  2 frilled lizards
  A jackal skeleton (D:4)
  4 kobolds
  2 rats
78 creatures vanquished.

Notes
Turn   | Place    | Note
-------+----------+-------------------------------------------
     0 | D:1      | freelancePsychic the Demonspawn Wanderer began the quest
                  | for the Orb.
     0 | D:1      | freelancePsychic set off with the following items: a +0
                  | club, a +0 robe, a +0 kite shield; and the following spell
                  | memorised: Freeze; and the following spells available to
                  | memorise: Frozen Ramparts, Corpse Rot, Static Discharge
     0 | D:1      | Reached XP level 1. HP: 13/13 MP: 4/4
   307 | D:1      | Reached skill level 2 in Ice Magic
   458 | D:1      | Gained mutation: You have sharp fingernails. [demonic
                  | ancestry]
   458 | D:1      | Reached XP level 2. HP: 19/19 MP: 3/6
  1724 | D:2      | Reached XP level 3. HP: 25/25 MP: 7/7
  1791 | D:2      | Reached skill level 1 in Unarmed Combat
  2175 | D:2      | Learned a level 3 spell: Frozen Ramparts
  2268 | D:1      | Reached skill level 3 in Ice Magic
  2268 | D:1      | Gained mutation: You regenerate magic rapidly. [demonic
                  | ancestry]
  2268 | D:1      | Reached XP level 4. HP: 23/31 MP: 1/8
  2581 | D:2      | Noticed Robin
  2818 | D:2      | Killed Robin
  3416 | D:3      | Reached XP level 5. HP: 35/36 MP: 5/9
  3437 | D:3      | Reached skill level 4 in Ice Magic
  4151 | D:4      | Found a staircase to the Ecumenical Temple.
  4162 | Temple   | Entered the Ecumenical Temple
  4434 | Temple   | Became a worshipper of Warmaster Okawaru
  4807 | D:4      | Reached skill level 1 in Invocations
  5273 | D:5      | Entered Level 5 of the Dungeon
  5353 | D:5      | Noticed a lemure
  5353 | D:5      | Noticed a lemure
  5353 | D:5      | Noticed Pikel
  5403 | D:5      | Killed a lemure
  5405 | D:5      | Slain by Pikel

Illustrated notes

Levels and vault maps discovered:
D:1:      nicolae_arrival_washed_ashore, layout_basic, serial_rivers,
          chequers_serial_rivers_small_b, chequers_serial_rivers_small_b,
          chequers_serial_rivers_small_a, chequers_serial_rivers_marsh,
          chequers_serial_rivers_large_b
D:2:      layout_loops_ring, dk_noncrumbling_3, uniq_robin
D:3:      layout_loops_ring
D:4:      wander_river, layout_gridville, minmay_temple_entry_junction
D:5:      layout_layer_cave, uniq_edmund, uniq_pikel, uniq_menkaure,
          uniq_sigmund
Temple:   nicolae_temple_the_god_donut

Skill      XL: |  1  2  3  4  5 |
---------------+----------------+-----
Ice Magic      | 2 3 4 |  4.2
Unarmed Combat | 1 2 |  2.3
Invocations    | 1 |  1.2
Shields        | 2 |  2.0
Fighting       | |  0.5
Spellcasting   | |  3.2
Hexes          | |  2.0
Poison Magic   | |  1.0
Evocations     | |  1.0

Action                   |  1- 3 |  4- 6 || total
-------------------------+-------+-------++-------
Melee: Dagger            |    16 |    22 ||    38
       Club              |     5 |       ||     5
       Unarmed           |       |    78 ||    78
 Cast: Freeze            |    63 |    17 ||    80
       Frozen Ramparts   |       |    17 ||    17
  Use: Scroll            |       |     7 ||     7
       Potion            |       |     3 ||     3
 Stab: Sleeping          |     1 |       ||     1
Armor: Robe              |    10 |       ||    10
       Leather armour    |     2 |    21 ||    23
       Skin              |       |     1 ||     1
Dodge: Dodged            |    47 |    54 ||   101
Block: Other             |     1 |    21 ||    22
       Buckler           |       |    12 ||    12

Table legend: (Time is in decaauts)
 A = Elapsed time spent in this place.
 B = Non-inter-level travel time spent in this place.
 C = Inter-level travel time spent in this place.
 D = Time resting spent in this place.
 E = Time spent auto-exploring this place.
 F = Levels seen in this place.
 G = Mean time per level.
                   A        B        C        D        E       F      G
               +--------+--------+--------+--------+--------+-----+--------+
         Total |   5464 |   5285 |    179 |    814 |   3766 |   6 |  910.7 |
       Dungeon |   5179 |   5012 |    167 |    814 |   3537 |   5 | 1035.8 |
        Temple |    284 |    272 |     12 |      0 |    229 |   1 |  284.0 |
               +--------+--------+--------+--------+--------+-----+--------+

Top non-repeatable levels by time:
     D:1: 2152 daAuts
     D:2: 1223 daAuts
     D:4: 916 daAuts
     D:3: 755 daAuts
  Temple: 284 daAuts
     D:5: 132 daAuts
